 Dungeon Crawl Stone Soup version 0.30-a0-172-gc5509c9e31 (webtiles) character file.

Game seed: 13575001061042069897

180 bjtr the Firebug (level 5, 0/28 HPs)
             Began as a Gargoyle Fire Elementalist on Oct 2, 2022.
             Slain by Duvessa
             ... wielding a +4 rapier of holy wrath
              (11 damage)
             ... on level 4 of the Dungeon.
             The game lasted 00:14:48 (3046 turns).

bjtr the Firebug (Gargoyle Fire Elementalist)       Turns: 3046, Time: 00:14:50

Health: 0/28       AC:  8    Str: 12    XL:     5   Next: 60%
Magic:  0/10       EV: 11    Int: 17    God:
Gold:   105        SH:  0    Dex: 10    Spells: 2/10 levels left

rFire   . . .      SeeInvis .    i - +1 hand axe (freeze)
rCold   . . .      Faith    .    (no shield)
rNeg    + . .      Spirit   .    e - +0 leather armour
rPois   ∞          Reflect  .    (no helmet)
rElec   +          Harm     .    (no cloak)
rCorr   .          Rampage  .    (no gloves)
Will    .....                    l - +0 pair of boots
Stlth   ++........               (no amulet)
HPRegen 0.24/turn                (no ring)
MPRegen 0.12/turn                (no ring)

@: very slightly contaminated
A: sickness immunity, AC +4, negative energy resistance 1, electricity
resistance, torment resistance 1, petrification resistance
a: no special abilities


You were on level 4 of the Dungeon.
You visited 1 branch of the dungeon, and saw 4 of its levels.

You collected 105 gold pieces.

Inventory:

Hand Weapons
 c - a +0 short sword
 i - a +1 hand axe of freezing (weapon)
 n - a +0 flail
 s - a +0 vorpal sling
Missiles
 g - 19 stones
 u - 4 javelins
Armour
 a - a +0 robe
 e - a +0 leather armour (worn)
 l - a +0 pair of boots (worn)
 q - a +0 scale mail
Scrolls
 d - 7 scrolls of teleportation
Potions
 b - a potion of magic
 h - a potion of might {unknown}
 j - a potion of curing {unknown}
 k - a potion of cancellation {unknown}
 r - a potion of berserk rage {unknown}
 t - a potion of heal wounds


   Skills:
 + Level 1.5 Armour
 + Level 1.8 Dodging
 + Level 2.9 Stealth
 * Level 3.4 Spellcasting
 + Level 1.5 Conjurations
 * Level 4.3 Fire Magic


You had 2 spell levels left.
You knew the following spells:

 Your Spells              Type           Power      Damage    Failure   Level
a - Foxfire               Conj/Fire      48%        2x1d6     6%          1
b - Scorch                Fire           34%        2d6       5%          2
c - Blink                 Tloc           4%         N/A       32%         2
d - Inner Flame           Hex/Fire       10%        N/A       26%         3

Your spell library contained the following spells:

 Spells                   Type           Power      Damage    Failure   Level
 Magic Dart               Conj           32%        1d4       12%         1
 Searing Ray              Conj           16%        2d5       17%         2
 Beastly Appendage        Tmut           4%         N/A       22%         1
 Slow                     Hex            8%         N/A       22%         1
 Momentum Strike          Conj/Tloc      10%        3d8       24%         2
 Wereblood                Tmut           2%         N/A       32%         2
 Kindle Blastsparks       Fire/Tloc/Air  14%        2d11      34%         3
 Confusing Touch          Hex            2%         N/A       54%         3
 Lesser Beckoning         Tloc           2%         N/A       54%         3
 Spider Form              Tmut/Pois      2%         N/A       54%         3
 Vampiric Draining        Necr           2%         2d6       54%         3
 Flame Wave               Conj/Fire      12%        2d6       54%         4
 Fulminant Prism          Conj/Hex       2%         3d6       83%         4


Dungeon Overview and Level Annotations

Branches:
Dungeon (4/15)
 Temple: D:4-7

Altars:

Annotations:
D:4 Duvessa


Innate Abilities, Weirdness & Mutations

You are immune to sickness and miasma.
Your stone body is resilient. (AC +4)
You are immune to poison.
You resist negative energy. (rN+)
You are resistant to electric shocks. (rElec)
You are resistant to unholy torment.
You are immune to petrification.


Message History

You kill Dowan!
Duvessa screams in rage.
Duvessa goes berserk!
Duvessa rages.
You climb upwards.
There is a stone staircase leading down here.
You start resting.
Magic restored.
Things that are here:
a +0 dagger; a goblin corpse
There is a stone staircase leading down here.
You climb downwards.
Level annotation: Duvessa
There is a stone staircase leading up here.
Casting: Scorch (safe; 5% risk of failure)
Confirm with . or Enter, or press ? or * to list all spells.
Flames lash Duvessa but do no damage.
Casting: Scorch (safe; 5% risk of failure)
Confirm with . or Enter, or press ? or * to list all spells.
Flames lash Duvessa.
Duvessa is lightly wounded.
Duvessa's fire resistance burns away.
Duvessa hits you with a +4 rapier of holy wrath!
Casting: Scorch (safe; 5% risk of failure)
Confirm with . or Enter, or press ? or * to list all spells.
Flames lash Duvessa.
Duvessa is burned terribly!
Duvessa is moderately wounded.
Duvessa hits you with a +4 rapier of holy wrath.
Duvessa misses you.
Casting: Scorch (safe; 5% risk of failure)
Confirm with . or Enter, or press ? or * to list all spells.
Flames lash Duvessa but do no damage.
Duvessa closely misses you.
Unknown command.
Casting: Scorch (safe; 5% risk of failure)
Confirm with . or Enter, or press ? or * to list all spells.
You miscast Scorch.
You are very lightly contaminated with residual magic.
Nothing appears to happen.
Duvessa barely misses you.
Duvessa hits you with a +4 rapier of holy wrath!
You die...

#####+#.
......#
.....#
....+
...####
#.$...#
#.....#
#.@...#
#.e...#
#.....#
###...?.#
#.....###
#.[...#
#.<...#
#.....#
#.....#


You could see Duvessa (berserk, combustible).

Vanquished Creatures
  Dowan (D:4)
  Natasha (thrice) (D:2)
  5 endoplasms
  A giant cockroach (D:1)
  5 goblins
  2 hobgoblins (D:1)
  3 jackals (D:1)
  10 kobolds
  4 quokkas
  9 ball pythons
  5 bats
  6 frilled lizards
  7 rats
61 creatures vanquished.

Vanquished Creatures (collateral kills)
  3 foxfires (D:2)
3 creatures vanquished.

Vanquished Creatures (others)
  95 foxfires
  10 plants (D:2)
105 creatures vanquished.

Grand Total: 169 creatures vanquished

Notes
Turn   | Place    | Note
-------+----------+-------------------------------------------
     0 | D:1      | bjtr the Gargoyle Fire Elementalist began the quest for the
                  | Orb.
     0 | D:1      | Reached XP level 1. HP: 10/10 MP: 3/3
   171 | D:1      | Reached XP level 2. HP: 14/15 MP: 0/5
   174 | D:1      | Learned a level 2 spell: Scorch
   552 | D:1      | Reached XP level 3. HP: 19/19 MP: 1/6
  1195 | D:2      | Reached skill level 1 in Armour
  1348 | D:2      | Noticed Natasha
  1365 | D:2      | Killed Natasha
  1366 | D:2      | Reached XP level 4. HP: 16/24 MP: 1/7
  1471 | D:2      | Found a faded altar of an unknown god.
  1584 | D:2      | Noticed Natasha
  1589 | D:2      | Killed Natasha
  1654 | D:2      | Noticed Natasha
  1704 | D:2      | Killed Natasha
  1705 | D:2      | Reached skill level 4 in Fire Magic
  1705 | D:2      | Reached XP level 5. HP: 22/28 MP: 1/9
  1870 | D:2      | Learned a level 2 spell: Blink
  1874 | D:2      | Learned a level 3 spell: Inner Flame
  2893 | D:4      | Noticed Dowan
  2895 | D:4      | Noticed Duvessa
  2975 | D:4      | Killed Dowan
  3046 | D:4      | Slain by Duvessa

Illustrated notes

Levels and vault maps discovered:
D:1:      dpeg_arrival_tiny_i, layout_basic, chequers_jeans, st_stairs_11,
          dk_noncrumbling_4
D:2:      layout_loops_cross, ebering_ecumenical_altar_box,
          lexackson_kobold_supper, uniq_natasha
D:3:      layout_rooms
D:4:      layout_gridville, kennysheep_doodads, amcnicky_mini_pool_small,
          guppyfry_early_lair_pool, uniq_duvessa, uniq_edmund

Skill      XL: |  1  2  3  4 |
---------------+-------------+-----
Armour         | 1 |  1.5
Spellcasting   | 3 |  3.4
Fire Magic     | 4 |  4.3
Dodging        | |  1.8
Stealth        | |  2.9
Conjurations   | |  1.5

Action                   |  1- 3 |  4- 6 || total
-------------------------+-------+-------++-------
Melee: Short sword       |     6 |       ||     6
       Unarmed           |     1 |       ||     1
       Hand axe          |    12 |    70 ||    82
 Cast: Foxfire           |    40 |    16 ||    56
       Scorch            |     8 |    14 ||    22
  Use: Scroll            |       |     5 ||     5
 Stab: Sleeping          |       |     2 ||     2
Armor: Leather armour    |    14 |    13 ||    27
       Robe              |     1 |       ||     1
Dodge: Dodged            |    24 |    18 ||    42

Table legend: (Time is in decaauts)
 A = Elapsed time spent in this place.
 B = Non-inter-level travel time spent in this place.
 C = Inter-level travel time spent in this place.
 D = Time resting spent in this place.
 E = Time spent auto-exploring this place.
 F = Levels seen in this place.
 G = Mean time per level.
                   A        B        C        D        E       F      G
               +--------+--------+--------+--------+--------+-----+--------+
         Total |   3083 |   2957 |    126 |    531 |   1773 |   4 |  770.8 |
       Dungeon |   3083 |   2957 |    126 |    531 |   1773 |   4 |  770.8 |
               +--------+--------+--------+--------+--------+-----+--------+

Top non-repeatable levels by time:
     D:2: 1290 daAuts
     D:1: 1111 daAuts
     D:3: 664 daAuts
     D:4: 17 daAuts
